AoeStats
← 极地沙尘暴

MegaRandom

507767634Analyzed
2v2 RM · 14d ago on Sep 19, 2026· 76m 28s· 4 players
Game mode
Random Map
Map size
Medium (4 player)
Population
200
Speed
Normal
Resources
Standard
Victory
Conquest
Starting age
Dark Age
Ending age
Imperial Age
RankedLock teamsTeams togetherTeam positionsShared explorationLock speedFull tech treeHidden civsTurbo modeCheats
Victory
Defeat
🇨🇳 Italians · China
1334
+14
🇨🇳 Maya · China
1333
+14
🇵🇪 Georgians · Peru
1328
-15
🇵🇪 Cumans · Peru
1252
-13
yayo - Sonnet 5
4:28 Loom
9:45 Feudal Age
11:45 Horse Collar
20:25 Castle Age
20:27 Forging
20:47 Scale Barding Armor
21:06 Bloodlines
21:37 Husbandry
23:39 Wheelbarrow
22:51 Double-Bit Axe
23:33 Gold Mining
27:54 Chain Barding Armor
29:06 Heavy Plow
32:43 Light Cavalry
34:35 Bow Saw
39:07 Imperial Age
36:55 Hand Cart
36:33 Stone Mining
37:18 Town Watch
39:03 Iron Casting
39:41 Cavalier
41:12 Hussar
42:37 Masonry
43:21 Caravan
44:20 Plate Barding Armor
45:27 Blast Furnace
45:12 Stone Shaft Mining
47:02 Conscription
49:09 Capped Ram
51:28 Architecture
52:00 Chemistry
50:23 Siege Ram
53:51 Ballistics
53:23 Fletching
53:23 Siege Ram
58:14 Bodkin Arrow
59:40 Bracer
60:15 Aznauri Cavalry
64:10 Padded Archer Armor
64:05 Man-at-Arms
64:31 Gambesons
64:46 Squires
64:32 Arson
64:49 Scale Mail Armor
64:43 Long Swordsman
66:23 Chain Mail Armor
65:46 Two-Handed Swordsman
66:49 Champion
68:04 Plate Mail Armor
GPT Astra Ultra
2:30 Loom
10:04 Feudal Age
11:26 Double-Bit Axe
14:29 Fletching
22:28 Castle Age
23:15 Bloodlines
23:51 Bodkin Arrow
26:41 Padded Archer Armor
28:22 Wheelbarrow
30:29 Leather Archer Armor
31:43 Bow Saw
33:31 Light Cavalry
35:15 Scale Barding Armor
36:30 Hand Cart
39:33 Imperial Age
37:36 Chain Barding Armor
38:47 Caravan
41:21 Conscription
42:27 Ring Archer Armor
41:25 Elite Skirmisher
47:58 Hussar
50:12 Two-Man Saw
48:54 Horse Collar
53:15 Plate Barding Armor
53:51 Parthian Tactics
56:14 Chemistry
56:02 Ballistics
55:55 Forging
57:10 Heavy Plow
58:18 Heavy Cavalry Archer
62:33 Crop Rotation
63:42 Man-at-Arms
66:46 Steppe Husbandry
71:48 Coinage
极地沙尘暴
8:06 Loom
10:36 Feudal Age
16:11 Castle Age
15:42 Fletching
15:35 Horse Collar
15:49 Double-Bit Axe
23:43 Bodkin Arrow
23:49 Padded Archer Armor
24:07 Horse Collar
25:36 Ballistics
26:14 Wheelbarrow
29:07 Leather Archer Armor
35:51 Imperial Age
36:36 Bracer
37:40 Chemistry
37:12 Conscription
37:06 Heavy Plow
39:46 Squires
39:08 Eagle Warrior
40:21 Scale Mail Armor
40:54 Hand Cart
41:15 Gold Mining
41:35 Elite Eagle Warrior
43:13 Chain Mail Armor
43:08 Forging
43:35 Bow Saw
45:03 Holcans
45:15 Plate Mail Armor
46:09 Iron Casting
49:11 Blast Furnace
50:27 Arson
50:14 Pikeman
51:11 Halberdier
57:05 Capped Ram
58:13 Siege Ram
65:42 Two-Man Saw
66:06 Coinage
66:14 Elite Plumed Archer
68:21 Ring Archer Armor
71:16 Crossbowman
72:59 Thumb Ring
73:26 Arbalester
74:11 Thumb Ring
剃刀割猪头
7:37 Loom
9:26 Feudal Age
11:31 Double-Bit Axe
15:59 Fletching
16:09 Horse Collar
16:44 Padded Archer Armor
24:11 Castle Age
23:10 Scale Barding Armor
24:09 Forging
24:20 Crossbowman
24:56 Bodkin Arrow
26:41 Bloodlines
26:52 Bow Saw
28:49 Light Cavalry
30:12 Heavy Plow
31:41 Wheelbarrow
33:05 Ballistics
34:03 Hand Cart
38:24 Leather Archer Armor
42:04 Imperial Age
42:59 Bracer
44:53 Chain Barding Armor
44:50 Husbandry
46:31 Chemistry
46:12 Conscription
47:07 Plate Barding Armor
47:51 Elite Genoese Crossbowman
48:42 Stone Mining
51:03 Iron Casting
50:26 Hussar
52:39 Town Watch
57:39 Blast Furnace
58:27 Thumb Ring
62:43 Ring Archer Armor
65:55 Two-Man Saw
64:58 Town Patrol
67:00 Masonry
72:09 Hoardings
72:32 Silk Road
72:48 Cavalier
74:18 Caravan
Connection lost

Rejoining the realm…

Still unreachable

The connection could not be restored.

Session expired

The server has moved on; the page needs a fresh start.